AoeStats
← Green Assassin

Hideout

503509949Analyzed
4v4 RM · 1mo ago on Sep 1, 2026· 37m 9s· 8 players
Game mode
Random Map
Map size
Large (8 player)
Population
200
Speed
Normal
Resources
Standard
Victory
Conquest
Starting age
Dark Age
Ending age
Imperial Age
RankedLock teamsTeams togetherTeam positionsShared explorationLock speedFull tech treeHidden civsTurbo modeCheats
Victory
Defeat
🇦🇷 Britons · Argentina
1248
+15
🇧🇷 Armenians · Brazil
1233
+16
🇨🇳 Celts · China
1229
+16
🇦🇺 Japanese · Australia
1181
+18
🇪🇸 Hindustanis · Spain
1296
-19
🇩🇪 Romans · Germany
1212
-16
🇨🇦 Shu · Canada
1196
-15
🇺🇸 Huns · United States
1195
-15
Spacepope4949
7:45 Loom
10:23 Feudal Age
15:06 Castle Age
14:18 Double-Bit Axe
14:25 Horse Collar
29:59 Ballistics
30:42 Fletching
33:29 Scale Barding Armor
39:15 Imperial Age
Green Assassin
0:29 Loom
10:21 Feudal Age
10:30 Man-at-Arms
14:42 Scale Mail Armor
eward17
11:23 Feudal Age
15:27 Castle Age
13:32 Double-Bit Axe
14:34 Horse Collar
15:43 Fletching
15:53 Padded Archer Armor
16:50 Bow Saw
16:57 Bodkin Arrow
17:35 Gold Mining
17:56 Crossbowman
_Suko_
9:38 Feudal Age
7:58 Loom
15:01 Fletching
15:12 Padded Archer Armor
19:40 Horse Collar
19:52 Double-Bit Axe
23:27 Castle Age
21:42 Gold Mining
23:31 Crossbowman
24:08 Bodkin Arrow
24:29 Leather Archer Armor
25:26 Thumb Ring
27:51 Wheelbarrow
27:48 Bow Saw
28:34 Ballistics
36:31 Hand Cart
l3av3x
11:16 Feudal Age
13:00 Double-Bit Axe
12:57 Horse Collar
15:22 Castle Age
18:29 Bow Saw
21:12 Wheelbarrow
22:39 Fletching
22:50 Padded Archer Armor
26:11 Wheelbarrow
25:57 Bodkin Arrow
26:30 Leather Archer Armor
27:56 Hand Cart
28:21 Loom
28:26 Horse Collar
28:38 Gold Mining
32:41 Imperial Age
30:25 Town Watch
32:22 Heavy Plow
32:58 Gold Shaft Mining
32:14 Stone Mining
32:48 Ballistics
33:20 Elite Composite Bowman
35:02 Ring Archer Armor
34:33 Bracer
35:35 Chemistry
35:42 Conscription
Porkroll
12:21 Feudal Age
14:06 Man-at-Arms
20:18 Castle Age
22:59 Double-Bit Axe
22:58 Horse Collar
23:12 Elite Skirmisher
33:45 Gold Mining
34:55 Forging
34:45 Scale Mail Armor
36:46 Wheelbarrow
38:08 Wheelbarrow
Rototom
4:42 Loom
9:37 Feudal Age
10:38 Double-Bit Axe
15:14 Fletching
20:12 Gold Mining
20:57 Padded Archer Armor
23:18 Castle Age
24:38 Bow Saw
24:12 Crossbowman
26:22 Horse Collar
28:27 Wheelbarrow
27:57 Heavy Plow
27:55 Bodkin Arrow
28:17 Leather Archer Armor
35:50 Stone Mining
36:37 Gold Shaft Mining
野象
7:24 Loom
11:13 Feudal Age
11:37 Horse Collar
11:45 Double-Bit Axe
15:26 Castle Age
16:49 Heavy Plow
22:15 Bow Saw
25:08 Gold Mining
32:51 Town Watch
33:41 Wheelbarrow
Connection lost

Rejoining the realm…

Still unreachable

The connection could not be restored.

Session expired

The server has moved on; the page needs a fresh start.